 Dungeon Sprint DCSS version 0.24-a0-509-ga1643a6 (webtiles) character file.

Game seed: 11226249216293972246

6 silentkaos13 the Firebug (level 1, -1/10 HPs)
             Began as a Deep Elf Fire Elementalist on July 20, 2019.
             Slain by a hound (3 damage)
             ... in the Dungeon (Sprint IX: "|||||||||||||||||||||||||||||").
             The game lasted 00:00:30 (96 turns).

silentkaos13 the Firebug (Deep Elf Fire Elementalist) Turns: 96, Time: 00:00:30

Health: -1/10      AC:  2    Str:  5    XL:     1   Next: 75%
Magic:  2/7        EV: 13    Int: 19    God:
Gold:   0          SH:  0    Dex: 15    Spells: 6/7 levels left

rFire    . . .     SeeInvis .   (no weapon)
rCold    . . .     Gourm    .   (no shield)
rNeg     . . .     Faith    .   a - +0 robe
rPois    .         Spirit   .   (no helmet)
rElec    .         Reflect  .   (no cloak)
rCorr    .         Harm     .   (no gloves)
MR       .....     NoTele   +   (no boots)
Stlth    ++........             (no amulet)
HPRegen  0.03/turn              (no ring)
MPRegen  0.10/turn              (no ring)

@: no status effects
A: no striking features
a: no special abilities


You were in the Dungeon.
You were not hungry.

You visited 1 branch

Inventory:

Armour
 a - a +0 robe (worn)
Scrolls
 i - a scroll of blinking
Potions
 d - a potion of curing
 e - a potion of heal wounds
 f - a potion of haste
 g - 2 potions of magic
 h - a potion of berserk rage
Comestibles
 c - a ration


   Skills:
 + Level 2.9 Dodging
 - Level 2.4 Stealth
 + Level 3.7 Spellcasting
 + Level 1.2 Conjurations
 + Level 4.5 Fire Magic


You had 6 spell levels left.
You knew the following spells:

 Your Spells              Type           Power        Failure   Level  Hunger
a - Flame Tongue          Conj/Fire      ##...        4%          1    None

Your spell library contained the following spells:

 Spells                   Type           Power        Failure   Level  Hunger
 Throw Flame              Conj/Fire      ##....       6%          2    ##.....
 Conjure Flame            Conj/Fire      ##......     13%         3    ###....
 Inner Flame              Hex/Fire       ##......     17%         3    ###....
 Sticky Flame             Conj/Fire      ##......     38%         4    ####...
 Fireball                 Conj/Fire      ##........   75%         5    ######.


Dungeon Overview and Level Annotations

Branches:
Dungeon (1/1)

Altars:


Message History

a +0 dagger; a kobold corpse You see here a bat corpse.
Casting: Flame Tongue (safe; 4% risk of failure)
Confirm with . or Enter, or press ? or * to list all spells.
Aiming: Flame Tongue (safe; 4% risk of failure)
Press: ? - help, Shift-Dir - straight line, f/p - hound
Aim: a hound (moderately wounded)
The flame tongue hits the hound but does no damage.
The hound is moderately wounded.
The hound bites you but does no damage. The hound bites you.
* * * LOW HITPOINT WARNING * * *
Casting: Flame Tongue (safe; 4% risk of failure)
Confirm with . or Enter, or press ? or * to list all spells.
Aiming: Flame Tongue (safe; 4% risk of failure)
Press: ? - help, Shift-Dir - straight line, f/p - hound
Aim: a hound (moderately wounded)
The flame tongue hits the hound!
The hound is almost dead.
The hound bites you.
You die...

▓▓▓
▓<▓
▓.▓
▓)▓
▓.▓
▓'▓
▓@▓
▓h▓
▓o▓
▓l▓
▓S▓
▓'▓
▓Y▓
▓.▓
▓.▓


You could see an ice beast, a hound, an adder, an orc and a leopard gecko.

Vanquished Creatures
  A leopard gecko (D)
  A goblin (D)
  A kobold (D)
  A bat (D)
  A rat (D)
5 creatures vanquished.

Notes
Turn   | Place    | Note
-------+----------+-------------------------------------------
     0 | D        | silentkaos13 the Deep Elf Fire Elementalist began the quest
                  | for the Orb.
     0 | D        | Reached XP level 1. HP: 10/10 MP: 6/6
     6 | D        | Reached skill level 4 in Fire Magic
    87 | D        | Noticed a hound
    87 | D        | Noticed an ice beast
    96 | D        | Slain by a hound

Levels and vault maps discovered:
D:        linesprint [early_d, line_temple, items_1, d_10, items_2, lair_1,
          lair_end, items_3, orc_1, orc_end, items_4, d_15, swamp_1, shoals_1,
          snake_1, spider_1, d_20, vaults_1, items_5, swamp_end, shoals_end,
          snake_end, spider_end, vaults_end, d_27, items_6, zot_1, zot_end,
          crypt_end, forest_end, elf_end, slime_end, tomb_end, abyss_end,
          pan_hell_end]

Skill      XL: |  1 |
---------------+----+-----
Fire Magic     | 4 |  4.5
Dodging        | |  2.9
Stealth        | |  2.4
Spellcasting   | |  3.7
Conjurations   | |  1.2

Action                   || total
-------------------------++-------
 Cast: Flame Tongue      ||    12
Armor: Robe              ||     4
Dodge: Dodged            ||     4

Table legend:
 A = Non-vault XP
 B = Vault XP
 C = Vault XP percentage of total XP
 D = Non-vault monster count
 E = Vault monster count
 F = Vault count percentage of total count
                 A         B        C        D         E       F
            +---------+---------+-------+---------+---------+-------
      Total |       0 |       9 | 100.0 |       0 |       5 | 100.0
            +---------+---------+-------+---------+---------+-------
          D |       0 |       9 | 100.0 |       0 |       5 | 100.0
            +---------+---------+-------+---------+---------+-------
